 Dungeon Crawl Stone Soup version 0.23.2-33-g5129a83184 (webtiles) character file.

Game seed: 4325203517539828090

102 Joat the Chopper (level 4, -1/39 HPs)
             Began as a Hill Orc Abyssal Knight on July 3, 2019.
             Was a Believer of Lugonu.
             Slain by a hippogriff (5 damage)
             ... on level 2 of the Dungeon.
             The game lasted 00:04:42 (1411 turns).

Joat the Chopper (Hill Orc Abyssal Knight)          Turns: 1411, Time: 00:04:42

Health: -1/39      AC:  6    Str: 17 (20) XL:     4   Next: 78%
Magic:  6/6        EV:  6    Int:  9 (12) God:    Lugonu [**....]
Gold:   54         SH: 12    Dex:  8 (10) Spells: 3/3 levels left

rFire    . . .     SeeInvis .   a - +1 hand axe
rCold    . . .     Gourm    .   f - +0 large shield
rNeg     . . .     Faith    .   k - +0 ring mail
rPois    .         Spirit   .   (no helmet)
rElec    .         Reflect  .   (no cloak)
rCorr    .         Harm     .   e - +0 pair of gloves
MR       .....                  (no boots)
Stlth    ..........             (no amulet)
HPRegen  0.13/turn              (no ring)
MPRegen  0.10/turn              (no ring)

@: mighty
A: no striking features
a: Depart the Abyss, Bend Space, Renounce Religion


You were on level 2 of the Dungeon.
You worshipped Lugonu.
Lugonu was pleased with you.
You were not hungry.

You visited 1 branch of the dungeon, and saw 2 of its levels.
You visited the Abyss 1 time.

You collected 54 gold pieces.

Inventory:

Hand Weapons
 a - a +1 hand axe (weapon)
Missiles
 g - a throwing net (quivered)
Armour
 e - a +0 pair of gloves (worn)
 f - a +0 large shield (worn)
 k - a +0 ring mail (worn)
Scrolls
 b - a scroll of random uselessness {unknown}
 i - a scroll of identify {unknown}
 l - a scroll of immolation {unknown}
 m - a scroll of enchant weapon {unknown}
Potions
 d - a potion of cancellation {unknown}
 n - a potion of resistance {unknown}
 p - a potion of heal wounds {unknown}
Comestibles
 c - 3 rations
 j - a chunk of flesh


   Skills:
 - Level 3.6 Fighting
 + Level 5.0 Axes
 - Level 2.1 Armour
 - Level 0.7 Dodging
 + Level 2.7 Shields
 + Level 3.0 Invocations


You had 3 spell levels left.
You didn't know any spells.
Your spell library was empty.

Dungeon Overview and Level Annotations

Branches:
Dungeon (2/15)

Altars:


Message History

There was something very wrong with that liquid.
You feel weakened.
You feel dopey.
You feel clumsy. The hippogriff bites you.
* * * LOW HITPOINT WARNING * * *
The hippogriff pecks you but does no damage.
You block the hippogriff's attack.
It was a potion of might.
You feel very mighty all of a sudden. You block the hippogriff's attack.
The hippogriff pecks you.
* * * LOW HITPOINT WARNING * * *
You block the hippogriff's attack.
You slash the hippogriff!
The hippogriff is severely wounded.
The hippogriff barely misses you.
The hippogriff pecks you but does no damage.
You block the hippogriff's attack.
You slash the hippogriff!
The hippogriff is almost dead.
The hippogriff bites you.
You die...

...... ############ #......
......#####..........# #......
.....................# #......
......)g.............#####......
..........S..........'..........
......#####..ggS.....######.#...
..... ####gsg..### #.#<.. ....
##H##.# #.#... ... #@##.# #.#...
.. ##..#.# #.#... .
#.....########.#...
#..................
#.....########.#...
#######.....# #.#...
#......^....# #.#...
#...........########'#...
#............##..........


You could see a hippogriff, a giant cockroach, 2 hobgoblins, 2 goblins and a
ball python.

Vanquished Creatures
  A bullfrog zombie (D:2)
  2 adders (D:2)
  2 oozes (D:1)
  A worm (D:2)
  A dart slug (D:1)
  2 leopard geckos (D:2)
  A giant cockroach (D:2)
  4 goblins
  5 hobgoblins
  4 jackals (D:1)
  A quokka (D:2)
  3 bats
  4 frilled lizards
  3 kobolds
  2 rats (D:1)
36 creatures vanquished.

Notes
Turn   | Place    | Note
-------+----------+-------------------------------------------
     0 | Abyss:1  | Joat the Hill Orc Abyssal Knight began the quest for the
                  | Orb.
     0 | Abyss:1  | Reached XP level 1. HP: 19/19 MP: 2/2
    11 | D:1      | Escaped the Abyss
    20 | D:1      | Reached skill level 3 in Axes
   107 | D:1      | Reached XP level 2. HP: 17/26 MP: 3/3
   213 | D:1      | Reached skill level 1 in Shields
   224 | D:1      | Reached skill level 4 in Axes
   526 | D:1      | Reached XP level 3. HP: 31/31 MP: 4/4
   544 | D:1      | Reached ** piety under Lugonu
   806 | D:2      | Reached XP level 4. HP: 22/39 MP: 5/5
  1385 | D:2      | Noticed a hippogriff
  1389 | D:2      | Reached skill level 5 in Axes
  1411 | D:2      | Slain by a hippogriff

Skill      XL: |  1  2  3  4 |
---------------+-------------+-----
Axes           | 3 4 5 |  5.0
Shields        | 1 2 |  2.7
Invocations    | 3 |  3.0
Fighting       | |  3.6
Armour         | |  2.1
Dodging        | |  0.7

Action                   |  1- 3 |  4- 6 || total
-------------------------+-------+-------++-------
Melee: Hand axe          |    62 |    44 ||   106
  Use: Potion            |       |     2 ||     2
  Eat: Chunk             |       |     2 ||     2
Armor: Leather armour    |    18 |       ||    18
       Ring mail         |    12 |    22 ||    34
Dodge: Dodged            |    27 |    11 ||    38
Block: Large shield      |    40 |    31 ||    71
